 Dungeon Sprint DCSS version 0.23.0 (webtiles) character file.

Game seed: 13374022764044701490

4396 nuthulu the Brawler (level 10, -16/109 HPs)
             Began as a Troll Berserker on Feb 11, 2019.
             Was the Champion of Trog.
             Demolished by a spiny frog (24 damage)
             ... in the Dungeon (Sprint III: "The Ten Rune Challenge").
             The game lasted 00:04:51 (1019 turns).

nuthulu the Brawler (Troll Berserker)               Turns: 1019, Time: 00:04:51

Health: -16/109    AC:  5    Str: 29    XL:     10   Next: 13%
Magic:  9/9        EV: 10    Int:  3    God:    Trog [******]
Gold:   608        SH:  0    Dex: 10    Spells: 9/9 levels left

rFire    . . .     SeeInvis .     - Unarmed
rCold    . . .     Gourm    +   (no shield)
rNeg     . . .     Faith    .   a - +0 animal skin
rPois    .         Spirit   .   (helmet restricted)
rElec    .         Reflect  .   (no cloak)
rCorr    .         Harm     .   (gloves unavailable)
MR       .....     NoTele   +   (boots unavailable)
Stlth    +.........             (no amulet)
HPRegen  0.68/turn              (no ring)
MPRegen  0.11/turn              (no ring)

@: no status effects
A: large, unfitting armour, claws 3, hooves 1, deformed body, fast metabolism 3,
gourmand, regeneration 1, shaggy fur 1, tough skin 3, subdued magic 1
a: Berserk, Trog's Hand, Brothers in Arms, Renounce Religion


You were in the Dungeon.
You worshipped Trog.
Trog was exalted by your worship.
You were full.

You visited 1 branch You collected 872 gold pieces.
You spent 264 gold pieces at shops.

Inventory:

Armour
 a - a +0 animal skin (worn)
Wands
 k - a wand of disintegration (10)
Scrolls
 h - a scroll of blinking
 j - a scroll of torment {unknown}
 l - a scroll of remove curse
 o - a scroll of immolation {unknown}
 p - a scroll of enchant weapon {unknown}
Potions
 c - a potion of curing
 d - 2 potions of heal wounds
 e - 2 potions of haste
 f - 2 potions of magic
 g - 2 potions of berserk rage
 i - a potion of resistance
 m - 2 potions of brilliance
 n - a potion of flight
 q - a potion of might
Comestibles
 b - 6 rations


   Skills:
 + Level 9.6 Fighting
 - Level 2.4 Dodging
 * Level 19.7 Unarmed Combat


You had 9 spell levels left.
You didn't know any spells.
Your spell library was empty.

Dungeon Overview and Level Annotations

Branches:
Dungeon (1/1)

Altars:
Cheibriados
Dithmenos
Elyvilon
Fedhas
Gozag
Hepliaklqana
Kikubaaqudgha
Makhleb
Nemelex Xobeh
Okawaru
Qazlal
Ru
Sif Muna
Trog
Uskayaw
Vehumet
Wu Jian
Xom
Yredelemnul
Zin
The Shining One
Beogh
Jiyva
Lugonu

Shops:
D !


Innate Abilities, Weirdness & Mutations

You are too large for most types of armour.
You have claws for hands.
Your metabolism is lightning-fast.
You like to eat raw meat.
Your natural rate of healing is unusually fast.
You are covered in fur. (AC +1)
You have extremely tough skin. (AC +3)
You have large cloven feet.
Armour fits poorly on your strangely shaped body.
Your spells are a little easier to cast, but a little less powerful.


Message History

You are poisoned.
The spiny frog poisons you!
You feel sick. The komodo dragon closely misses you.
You feel sick. The spiny frog stings you!!
You barely miss the spiny frog. Your kick misses the spiny frog.
The spiny frog is severely wounded.
You feel sick. The spiny frog stings you!!
* * * LOW HITPOINT WARNING * * *
You are more poisoned.
The spiny frog poisons you! The komodo dragon bites you!
* * * LOW HITPOINT WARNING * * *
You feel better. The spiny frog stings you!
* * * LOW HITPOINT WARNING * * *
The komodo dragon barely misses you.
Unknown command.
Unknown command.
You mangle the komodo dragon!! You kick the komodo dragon.
The komodo dragon is severely wounded.
The spiny frog stings you!!
You die...

#...+.⌠......).#)###.#∩.###
#...#...######'#.# ##...#
....#.⌠.#__#.))#'################
....#...#__#...#.().#.#.#.....#..
....#'###__#...##.#).#.##)###)#..
....#)).#__#..))##.#.#.##.#†)##.^
....#___#__'..)#...#..#..##.)'...
▓▓▓▓▓▓▓▓▓▓▓▓▓▓▓▓▓▓▓▓▓▓▓▓▓▓▓▓▓#...
♣≈≈≈F@......≈)≈...#...
♣'♣≈≈l≈≈≈≈≈≈≈≈≈♣♣P.'..^
.≈♣♣♣♣♣♣♣♣♣♣♣♣♣♣♣♣PP#^.. #..
♣♣♣##+# ##


You could see a komodo dragon and a spiny frog.

Vanquished Creatures
  Erolcha (D)
  An orc knight (D)
  A deep elf mage (D)
  A spiny frog (D)
  3 wandering mushrooms (D)
  2 redbacks (D)
  A shadow (D)
  A spatial vortex (D)
  A necrophage (D)
  5 two-headed ogres (D)
  A water elemental (D)
  A jelly (D)
  An orc priest (D)
  An orc wizard (D)
  Jessica (D)
  A necromancer (D)
  A wizard (D)
  A kobold demonologist (D)
  3 humans (D)
  A phantom (D)
  13 orcs (D)
  A ball python (D)
  4 rats (D)
47 creatures vanquished.

Vanquished Creatures (others)
  2 draconian scorchers (D)
  6 hellions (D)
  3 yaktaurs (D)
11 creatures vanquished.

Grand Total: 58 creatures vanquished

Notes
Turn   | Place    | Note
-------+----------+-------------------------------------------
     0 | D        | nuthulu the Troll Berserker began the quest for the Orb.
     0 | D        | Reached XP level 1. HP: 22/22 MP: 0/0
    39 | D        | Reached ** piety under Trog
    45 | D        | Noticed Jessica
    50 | D        | Killed Jessica
    50 | D        | Reached skill level 5 in Unarmed Combat
    50 | D        | Reached XP level 2. HP: 31/32 MP: 1/1
    68 | D        | Reached skill level 6 in Unarmed Combat
    68 | D        | Reached XP level 3. HP: 16/39 MP: 2/2
    91 | D        | Killed a hellion
    93 | D        | Killed a hellion
    93 | D        | Killed a hellion
   114 | D        | Killed a hellion
   136 | D        | Killed a hellion
   138 | D        | Killed a hellion
   169 | D        | Gained mutation: You are partially covered in slimy green
                  | scales. (AC +2) [potion of mutation]
   169 | D        | Gained mutation: You have a pair of small horns on your
                  | head. [potion of mutation]
   170 | D        | Lost mutation: You are partially covered in slimy green
                  | scales. (AC +2) [potion of mutation]
   170 | D        | Lost mutation: You have a pair of small horns on your head.
                  | [potion of mutation]
   170 | D        | Gained mutation: Armour fits poorly on your strangely
                  | shaped body. [potion of mutation]
   170 | D        | Gained mutation: Your spells are a little easier to cast,
                  | but a little less powerful. [potion of mutation]
   170 | D        | Gained mutation: You have large cloven feet. [potion of
                  | mutation]
   176 | D        | Noticed a water elemental
   179 | D        | Killed a water elemental
   179 | D        | Reached *** piety under Trog
   179 | D        | Reached skill level 8 in Unarmed Combat
   179 | D        | Reached XP level 4. HP: 49/49 MP: 3/3
   192 | D        | Killed a white draconian scorcher
   213 | D        | Killed a white draconian scorcher
   231 | D        | Found a radiant altar of Vehumet.
   231 | D        | Found a deep blue altar of Sif Muna.
   231 | D        | Found an ancient bone altar of Kikubaaqudgha.
   231 | D        | Noticed a wizard
   235 | D        | Killed a wizard
   235 | D        | Reached skill level 5 in Fighting
   237 | D        | Reached **** piety under Trog
   237 | D        | Reached skill level 9 in Unarmed Combat
   237 | D        | Reached XP level 5. HP: 39/57 MP: 4/4
   274 | D        | Found a glowing silver altar of Zin.
   274 | D        | Found a glowing golden altar of the Shining One.
   274 | D        | Found a white marble altar of Elyvilon.
   275 | D        | Noticed a deep elf mage
   282 | D        | Killed a deep elf mage
   282 | D        | Reached skill level 12 in Unarmed Combat
   282 | D        | Reached XP level 6. HP: 50/71 MP: 5/5
   282 | D        | Reached XP level 7. HP: 55/78 MP: 6/6
   325 | D        | Found a basalt altar of Yredelemnul.
   325 | D        | Found a shadowy altar of Dithmenos.
   325 | D        | Found a sacrificial altar of Ru.
   328 | D        | Reached skill level 13 in Unarmed Combat
   335 | D        | Reached ***** piety under Trog
   346 | D        | Found a hide-covered altar of Uskayaw.
   346 | D        | Found an iron altar of Okawaru.
   346 | D        | Killed a yaktaur
   347 | D        | Found a roughly hewn altar of Beogh.
   347 | D        | Found a bloodstained altar of Trog.
   347 | D        | Found an ornate altar of the Wu Jian Council.
   347 | D        | Noticed a human
   347 | D        | Noticed a human
   350 | D        | Killed a human
   350 | D        | Reached skill level 14 in Unarmed Combat
   353 | D        | Killed a human
   381 | D        | Noticed a shadow
   384 | D        | Killed a shadow
   384 | D        | Received a gift from Trog
   384 | D        | Reached XP level 8. HP: 85/88 MP: 7/7
   396 | D        | Found a blossoming altar of Fedhas.
   396 | D        | Found a stormy altar of Qazlal.
   396 | D        | Found a snail-covered altar of Cheibriados.
   396 | D        | Found a burning altar of Makhleb.
   396 | D        | Found a shimmering altar of Xom.
   397 | D        | Found a hazy altar of Hepliaklqana.
   397 | D        | Found an opulent altar of Gozag.
   397 | D        | Found a sparkling altar of Nemelex Xobeh.
   397 | D        | Found a corrupted altar of Lugonu.
   397 | D        | Found a viscous altar of Jiyva.
   402 | D        | Reached skill level 15 in Unarmed Combat
   493 | D        | Killed a yaktaur
   543 | D        | Received a gift from Trog
   547 | D        | Killed a yaktaur
   559 | D        | Noticed an orc knight
   580 | D        | Killed an orc knight
   580 | D        | Reached ****** piety under Trog
   580 | D        | Reached skill level 16 in Unarmed Combat
   583 | D        | Reached XP level 9. HP: 97/97 MP: 8/8
   645 | D        | Received a gift from Trog
   653 | D        | Found Qysetekupt's Distillery.
   677 | D        | Bought a potion of haste for 110 gold pieces
   677 | D        | Bought a potion of resistance for 110 gold pieces
   677 | D        | Bought a potion of might for 44 gold pieces
   706 | D        | Noticed a two-headed ogre
   715 | D        | Killed a two-headed ogre
   715 | D        | Reached skill level 17 in Unarmed Combat
   813 | D        | Noticed a two-headed ogre
   813 | D        | Noticed Erolcha
   817 | D        | Killed a two-headed ogre
   824 | D        | Paralysed by Erolcha for 5 turns
   831 | D        | Reached skill level 18 in Unarmed Combat
   834 | D        | Killed Erolcha
   949 | D        | Noticed a wandering mushroom
   961 | D        | Noticed a wandering mushroom
   965 | D        | Received a gift from Trog
   965 | D        | Reached skill level 19 in Unarmed Combat
   966 | D        | Noticed a wandering mushroom
   972 | D        | Reached XP level 10. HP: 86/107 MP: 9/9
  1009 | D        | Noticed a spiny frog
  1009 | D        | Noticed a spiny frog
  1010 | D        | Killed a spiny frog
  1019 | D        | Demolished by a spiny frog

Skill      XL: |  1  2  3  4  5  6  7  8  9 |
---------------+----------------------------+-----
Fighting       | 3 4 5 7 8 9 |  9.6
Unarmed Combat | 5 6 8 9 12 14 16 19 | 19.7
Dodging        | |  2.4

Action                   |  1- 3 |  4- 6 |  7- 9 | 10-12 || total
-------------------------+-------+-------+-------+-------++-------
Melee: Unarmed           |    23 |    12 |    84 |     8 ||   127
       Punch             |     1 |       |     4 |       ||     5
       Kick              |     1 |     3 |    29 |     3 ||    36
Invok: Berserk           |     1 |       |     1 |       ||     2
  Use: Scroll            |     4 |       |       |       ||     4
       Potion            |     2 |       |       |     1 ||     3
  Eat: Chunk             |     2 |       |    11 |       ||    13
Armor: Animal skin       |     3 |     3 |     9 |     1 ||    16
Dodge: Dodged            |    10 |     1 |    21 |     4 ||    36
